TOP OF THE 1ST |
Amarillo Archdukes batting - Pitching for Havana Rollers : RHP Sid Allen
|
Pitching: RHP Sid Allen
|
|
Batting: LHB John Frost
|
0-0: Ball 1-0: Ball 2-0: Ball 3-0: Called Strike 3-1: Swinging Strike 3-2: Strikes out looking
|
Batting: RHB Norm Francis
|
0-0: Ball 1-0: DOUBLE (Line Drive, 7LD)
|
Batting: LHB Michael Cook
|
0-0: Foul Ball, location: 2F 0-1: Fly out, F9 (Flyball, 89M)
|
Batting: LHB Ron Crawford
|
0-0: Ball 1-0: SINGLE (Flyball, 8LS) Norm Francis to third Runner from 3rd tries for Home, SAFE, no throw
|
Batting: LHB Howard Lambert
|
0-0: Foul Ball, location: 2F 0-1: Ball 1-1: Foul Ball, location: 2F 1-2: Ball 2-2: Strikes out swinging
|
Top of the 1st over - 1 run(s), 2 hit(s), 0 error(s), 1 left on base; Amarillo 1 - Havana 0 |
BOTTOM OF THE 1ST |
Havana Rollers batting - Pitching for Amarillo Archdukes : RHP Orlando Trinidad
|
Pitching: RHP Orlando Trinidad
|
|
Batting: RHB Jesús Villalobos
|
0-0: Ball 1-0: Swinging Strike 1-1: Swinging Strike 1-2: Strikes out looking
|
Batting: RHB Francisco Rincón
|
0-0: Swinging Strike 0-1: Called Strike 0-2: Ground out 6-3 (Groundball, 6)
|
Batting: LHB Rafael Delgado
|
0-0: Ball 1-0: Ball 2-0: Ground out 6-3 (Groundball, 56D)
|
Bottom of the 1st over - 0 run(s), 0 hit(s), 0 error(s), 0 left on base; Amarillo 1 - Havana 0 |
TOP OF THE 2ND |
Amarillo Archdukes batting - Pitching for Havana Rollers : RHP Sid Allen
|
Batting: LHB Pedro Díaz
|
0-0: Ball 1-0: Fly out, F8 (Flyball, 8LS)
|
Batting: RHB Michael Thomas
|
0-0: Ball 1-0: SINGLE (Line Drive, 8LS)
|
Batting: RHB Herb Bunch
|
0-0: 2-RUN HOME RUN (Flyball, 7D), Distance : 374 ft
|
Batting: RHB Juan Barrera
|
0-0: Ball 1-0: Ball 2-0: Fly out, F7 (Flyball, 78M)
|
Batting: LHB John Frost
|
0-0: Called Strike 0-1: Fly out, F7 (Flyball, 78M)
|
Top of the 2nd over - 2 run(s), 2 hit(s), 0 error(s), 0 left on base; Amarillo 3 - Havana 0 |
BOTTOM OF THE 2ND |
Havana Rollers batting - Pitching for Amarillo Archdukes : RHP Orlando Trinidad
|
Batting: RHB Paul Bailey
|
0-0: Swinging Strike 0-1: Ball 1-1: Ball 2-1: Ball 3-1: Base on Balls
|
Batting: LHB Zhi-huan Loong
|
0-0: Ball 1-0: Ball 2-0: Ball 3-0: Base on Balls Paul Bailey to second
|
Batting: LHB Shiro Ueno
|
0-0: Ball 1-0: Ball 2-0: Ball 3-0: Base on Balls Paul Bailey to third Zhi-huan Loong to second
|
Batting: RHB Soshu Nakamura
|
0-0: Ball 1-0: Swinging Strike 1-1: Called Strike 1-2: Foul Ball, location: 2F 1-2: Strikes out swinging
|
Batting: RHB Mitsuharu Matsumoto
|
0-0: Ball 1-0: Foul Ball, location: 2F 1-1: Foul Ball, location: 2F 1-2: Ball 2-2: Foul Ball, location: 2F 2-2: DOUBLE (Flyball, 78D) Paul Bailey scores Zhi-huan Loong scores Shiro Ueno to third Runner from 3rd tries for Home, SAFE, throw made home
|
Batting: RHB León Rivera
|
0-0: Called Strike 0-1: Ball 1-1: Ball 2-1: Foul Ball, location: 2F 2-2: Ball 3-2: Ground out 5-3 (Groundball, 25) Mitsuharu Matsumoto to third
|
Batting: RHB Jesús Villalobos
|
0-0: Foul Ball, location: 2F 0-1: Foul Ball, location: 2F 0-2: SINGLE (Groundball, 13) (infield hit) Mitsuharu Matsumoto scores
|
Batting: RHB Francisco Rincón
|
0-0: Called Strike 0-1: Ball 1-1: Fly out, F9 (Line Drive, 9)
|
Bottom of the 2nd over - 4 run(s), 2 hit(s), 0 error(s), 1 left on base; Amarillo 3 - Havana 4 |
TOP OF THE 3RD |
Amarillo Archdukes batting - Pitching for Havana Rollers : RHP Sid Allen
|
Batting: RHB Norm Francis
|
0-0: Ground out 1-3 (Groundball, 15)
|
Batting: LHB Michael Cook
|
0-0: Swinging Strike 0-1: Foul Ball, location: 2F 0-2: Ball 1-2: Ball 2-2: Foul Ball, location: 2F 2-2: Ball 3-2: Base on Balls
|
Batting: LHB Ron Crawford
|
0-0: Ball 1-0: Ball 2-0: Foul Ball, location: 2F 2-1: Ball 3-1: Foul Ball, location: 2F 3-2: Strikes out swinging
|
Batting: LHB Howard Lambert
|
0-0: Ball 1-0: Foul Ball, location: 2F 1-1: Ball 2-1: Called Strike 2-2: Ball 3-2: Base on Balls Michael Cook to second
|
Batting: LHB Pedro Díaz
|
0-0: Ball 1-0: Ball 2-0: Ball 3-0: Base on Balls Michael Cook to third Howard Lambert to second
|
Batting: RHB Michael Thomas
|
0-0: Swinging Strike 0-1: Fielders Choice at 2nd, 4-6 (Groundball, 4)
|
Top of the 3rd over - 0 run(s), 0 hit(s), 0 error(s), 2 left on base; Amarillo 3 - Havana 4 |
BOTTOM OF THE 3RD |
Havana Rollers batting - Pitching for Amarillo Archdukes : RHP Orlando Trinidad
|
Batting: LHB Rafael Delgado
|
0-0: Foul Ball, location: 2F 0-1: SINGLE (Line Drive, 8LS)
|
Batting: RHB Paul Bailey
|
0-0: Called Strike Rafael Delgado is caught stealing 2nd base 0-1: Called Strike 0-2: Ball 1-2: Ball 2-2: Foul Ball, location: 2F 2-2: Foul Ball, location: 2F 2-2: Ball 3-2: Fly out, F8 (Flyball, 8RM)
|
Batting: LHB Zhi-huan Loong
|
0-0: Ball 1-0: Fly out, F8 (Flyball, 8LM)
|
Bottom of the 3rd over - 0 run(s), 1 hit(s), 0 error(s), 0 left on base; Amarillo 3 - Havana 4 |
TOP OF THE 4TH |
Amarillo Archdukes batting - Pitching for Havana Rollers : RHP Sid Allen
|
Batting: RHB Herb Bunch
|
0-0: Fly out, F4 (Line Drive, 4M)
|
Batting: RHB Juan Barrera
|
0-0: Ball 1-0: Fly out, F9 (Flyball, 89M)
|
Batting: LHB John Frost
|
0-0: Ball 1-0: Foul Ball, location: 2F 1-1: Called Strike 1-2: Fly out, F7 (Flyball, 7LS)
|
Top of the 4th over - 0 run(s), 0 hit(s), 0 error(s), 0 left on base; Amarillo 3 - Havana 4 |
BOTTOM OF THE 4TH |
Havana Rollers batting - Pitching for Amarillo Archdukes : RHP Orlando Trinidad
|
Batting: LHB Shiro Ueno
|
0-0: Foul Ball, location: 2F 0-1: Ball 1-1: Fly out, F4 (Line Drive, 4D)
|
Batting: RHB Soshu Nakamura
|
0-0: Ball 1-0: Ball 2-0: Called Strike 2-1: Foul Ball, location: 2F 2-2: Foul Ball, location: 2F 2-2: Strikes out looking
|
Batting: RHB Mitsuharu Matsumoto
|
0-0: Ball 1-0: Called Strike 1-1: Ball 2-1: Ball 3-1: Ground out 6-3 (Groundball, 6)
|
Bottom of the 4th over - 0 run(s), 0 hit(s), 0 error(s), 0 left on base; Amarillo 3 - Havana 4 |
TOP OF THE 5TH |
Amarillo Archdukes batting - Pitching for Havana Rollers : RHP Sid Allen
|
Batting: RHB Norm Francis
|
0-0: Called Strike 0-1: Ball 1-1: Reached via error on a dropped throw, E3
|
Batting: LHB Michael Cook
|
0-0: Ball 1-0: Ball 2-0: Ball 3-0: Base on Balls Norm Francis to second
|
Batting: LHB Ron Crawford
|
0-0: Called Strike 0-1: Ball 1-1: Ball 2-1: Called Strike 2-2: TRIPLE (Line Drive, 78M) Norm Francis scores Michael Cook scores
|
Batting: LHB Howard Lambert
|
0-0: Intentional Walk
|
Pitching: LHP Dave Miller
|
|
Batting: LHB Pedro Díaz
|
0-0: Foul Ball, location: 2F 0-1: Ball 1-1: Called Strike 1-2: 3-RUN HOME RUN (Line Drive, 9D), Distance : 410 ft
|
Batting: RHB Michael Thomas
|
0-0: Foul Ball, location: 2F 0-1: Called Strike 0-2: Ball 1-2: Foul Ball, location: 2F 1-2: Strikes out swinging
|
Batting: RHB Herb Bunch
|
0-0: Ball 1-0: Ball 2-0: Ball 3-0: Ground out 1-3 (Groundball, P)
|
Batting: RHB Juan Barrera
|
0-0: Ball 1-0: Called Strike 1-1: Ball 2-1: Ball 3-1: SINGLE (Flyball, 7S)
|
Batting: LHB John Frost
|
0-0: Ball 1-0: Ball 2-0: Called Strike 2-1: Swinging Strike 2-2: TRIPLE (Line Drive, 9) Juan Barrera scores
|
Batting: RHB Norm Francis
|
0-0: Ball 1-0: Fly out, F8 (Flyball, 8LM)
|
Top of the 5th over - 6 run(s), 4 hit(s), 1 error(s), 1 left on base; Amarillo 9 - Havana 4 |
BOTTOM OF THE 5TH |
Havana Rollers batting - Pitching for Amarillo Archdukes : RHP Orlando Trinidad
|
Batting: RHB León Rivera
|
0-0: Called Strike 0-1: Ball 1-1: Foul Ball, location: 2F 1-2: Foul Ball, location: 2F 1-2: Strikes out swinging
|
Batting: RHB Jesús Villalobos
|
0-0: Ball 1-0: Ball 2-0: Ball 3-0: Base on Balls
|
Batting: RHB Francisco Rincón
|
0-0: Called Strike Jesús Villalobos is caught stealing 2nd base 0-1: Ball 1-1: Called Strike 1-2: Ball 2-2: Foul Ball, location: 2F 2-2: Ball 3-2: Base on Balls
|
Pitching: RHP Ignacio Torres
|
|
Batting: LHB Rafael Delgado
|
0-0: Swinging Strike 0-1: Ball 1-1: Foul Ball, location: 2F 1-2: Foul Ball, location: 2F 1-2: Ball 2-2: Foul Ball, location: 2F 2-2: Fielders Choice at 2nd, 5-4 (Groundball, 5)
|
Bottom of the 5th over - 0 run(s), 0 hit(s), 0 error(s), 0 left on base; Amarillo 9 - Havana 4 |
TOP OF THE 6TH |
Amarillo Archdukes batting - Pitching for Havana Rollers : LHP Dave Miller
|
Pitching: RHP Tu-fu Zhou
|
|
Batting: LHB Michael Cook
|
0-0: DOUBLE (Flyball, 78XD)
|
Batting: LHB Ron Crawford
|
0-0: Called Strike 0-1: Ground out 4-3 (Groundball, 4) Michael Cook to third
|
Batting: LHB Howard Lambert
|
0-0: Ball 1-0: Ball 2-0: Ball 3-0: Foul Ball, location: 2F 3-1: Foul Ball, location: 2F 3-2: Base on Balls
|
Batting: LHB Pedro Díaz
|
0-0: Ball 1-0: Foul Ball, location: 2F 1-1: Ball 2-1: Called Strike 2-2: Ball 3-2: Fly out, F6 (Popup, 6D)
|
Batting: RHB Michael Thomas
|
0-0: Called Strike 0-1: Fielders Choice at 2nd, 5-4 (Groundball, 5)
|
Top of the 6th over - 0 run(s), 1 hit(s), 0 error(s), 1 left on base; Amarillo 9 - Havana 4 |
BOTTOM OF THE 6TH |
Havana Rollers batting - Pitching for Amarillo Archdukes : RHP Ignacio Torres
|
Batting: RHB Paul Bailey
|
0-0: Called Strike 0-1: Ground out 5-3 (Groundball, 56)
|
Batting: LHB Zhi-huan Loong
|
0-0: Ball 1-0: Ball 2-0: Ball 3-0: Called Strike 3-1: Foul Ball, location: 2F 3-2: Base on Balls
|
Batting: LHB Shiro Ueno
|
0-0: Foul Ball, location: 2F 0-1: Grounds into double play, 5-4-3 (Groundball, 56)
|
Bottom of the 6th over - 0 run(s), 0 hit(s), 0 error(s), 0 left on base; Amarillo 9 - Havana 4 |
TOP OF THE 7TH |
Amarillo Archdukes batting - Pitching for Havana Rollers : RHP Tu-fu Zhou
|
Batting: RHB Herb Bunch
|
0-0: Swinging Strike 0-1: Foul Ball, location: 2F 0-2: Ball 1-2: Ball 2-2: Strikes out looking
|
Batting: RHB Juan Barrera
|
0-0: Ball 1-0: Fly out, F7 (Flyball, 7)
|
Batting: LHB John Frost
|
0-0: Ball 1-0: Ball 2-0: Foul Ball, location: 2F 2-1: Foul Ball, location: 2F 2-2: Ground out 6-3 (Groundball, 6)
|
Top of the 7th over - 0 run(s), 0 hit(s), 0 error(s), 0 left on base; Amarillo 9 - Havana 4 |
BOTTOM OF THE 7TH |
Havana Rollers batting - Pitching for Amarillo Archdukes : RHP Ignacio Torres
|
Batting: RHB Soshu Nakamura
|
0-0: DOUBLE (Flyball, 8LXD)
|
Batting: RHB Mitsuharu Matsumoto
|
0-0: Foul Ball, location: 2F 0-1: Ball 1-1: Called Strike 1-2: Foul Ball, location: 2F 1-2: Strikes out swinging
|
Batting: RHB León Rivera
|
0-0: Ball 1-0: Ball 2-0: Swinging Strike 2-1: Ball 3-1: Base on Balls
|
Batting: RHB Jesús Villalobos
|
0-0: Called Strike 0-1: Called Strike 0-2: SINGLE (Line Drive, 6M) Soshu Nakamura to third León Rivera to second Runner from 3rd tries for Home, SAFE, no throw
|
Batting: RHB Francisco Rincón
|
0-0: Called Strike 0-1: Ball 1-1: Called Strike 1-2: Ball 2-2: SINGLE (Line Drive, 8RS) León Rivera to third Jesús Villalobos to second Runner from 3rd tries for Home, SAFE, no throw
|
Pitching: LHP Charlie Conner
|
|
Batting: LHB Rafael Delgado
|
0-0: Called Strike 0-1: Ball 1-1: Called Strike 1-2: Strikes out looking
|
Batting: RHB Paul Bailey
|
0-0: Ball 1-0: Ball 2-0: Fly out, F7 (Flyball, 7D)
|
Bottom of the 7th over - 2 run(s), 3 hit(s), 0 error(s), 2 left on base; Amarillo 9 - Havana 6 |
TOP OF THE 8TH |
Amarillo Archdukes batting - Pitching for Havana Rollers : RHP Tu-fu Zhou
|
Batting: RHB Norm Francis
|
0-0: Fly out, F9 (Flyball, 9)
|
Batting: LHB Michael Cook
|
0-0: Swinging Strike 0-1: Ball 1-1: Foul Ball, location: 2F 1-2: Strikes out swinging
|
Batting: LHB Ron Crawford
|
0-0: Ball 1-0: Swinging Strike 1-1: Ball 2-1: Fly out, F4 (Popup, 4D)
|
Top of the 8th over - 0 run(s), 0 hit(s), 0 error(s), 0 left on base; Amarillo 9 - Havana 6 |
BOTTOM OF THE 8TH |
Havana Rollers batting - Pitching for Amarillo Archdukes : LHP Charlie Conner
|
Batting: LHB Zhi-huan Loong
|
0-0: Ground out 3-1 (Groundball, 34)
|
Pitching: RHP Brian Hull
|
|
Batting: LHB Shiro Ueno
|
0-0: Foul Ball, location: 2F 0-1: Ball 1-1: Foul Ball, location: 2F 1-2: Ground out 4-3 (Groundball, 4D)
|
Batting: RHB Soshu Nakamura
|
0-0: Called Strike 0-1: Swinging Strike 0-2: Strikes out looking
|
Bottom of the 8th over - 0 run(s), 0 hit(s), 0 error(s), 0 left on base; Amarillo 9 - Havana 6 |
TOP OF THE 9TH |
Amarillo Archdukes batting - Pitching for Havana Rollers : RHP Tu-fu Zhou
|
Batting: LHB Howard Lambert
|
0-0: Ball 1-0: Ball 2-0: Foul Ball, location: 2F 2-1: Swinging Strike 2-2: Ball 3-2: Strikes out swinging
|
Batting: LHB Pedro Díaz
|
0-0: Called Strike 0-1: Swinging Strike 0-2: Ball 1-2: Ball 2-2: Ball 3-2: Foul Ball, location: 2F 3-2: Foul Ball, location: 2F 3-2: Base on Balls
|
Batting: RHB Michael Thomas
|
0-0: Called Strike 0-1: Swinging Strike 0-2: Strikes out swinging
|
Batting: RHB Herb Bunch
|
0-0: Ball Pedro Díaz is caught stealing 2nd base
|
Top of the 9th over - 0 run(s), 0 hit(s), 0 error(s), 0 left on base; Amarillo 9 - Havana 6 |
BOTTOM OF THE 9TH |
Havana Rollers batting - Pitching for Amarillo Archdukes : RHP Brian Hull
|
Pitching: LHP Rob Lucas
|
|
Batting: RHB Mitsuharu Matsumoto
|
0-0: Reached on error, E6 (Groundball, 6)
|
Batting: RHB León Rivera
|
0-0: Ball 1-0: Called Strike 1-1: Swinging Strike 1-2: Strikes out swinging
|
Batting: RHB Jesús Villalobos
|
0-0: Called Strike 0-1: Ball 1-1: Foul Ball, location: 2F 1-2: Strikes out swinging
|
Batting: RHB Francisco Rincón
|
0-0: Called Strike 0-1: Ball 1-1: Ball 2-1: Ground out 6-3 (Groundball, 6S)
|
Bottom of the 9th over - 0 run(s), 0 hit(s), 1 error(s), 1 left on base; Amarillo 9 - Havana 6 |
|